 Dungeon Crawl Stone Soup version 0.28.0-43-g3370ac3207 (webtiles) character file.

Game seed: 7687195284086952738

196 Kaptain the Gusty (level 5, -4/30 HPs)
             Began as a Tengu Air Elementalist on Mar 25, 2022.
             Slain by Blork the orc
             ... wielding a +0 mace
              (5 damage)
             ... on level 4 of the Dungeon.
             The game lasted 00:08:24 (3862 turns).

Kaptain the Gusty (Tengu Air Elementalist)          Turns: 3862, Time: 00:08:25

Health: -4/30      AC:  3    Str:  9    XL:     5   Next: 74%
Magic:  4/10       EV: 14    Int: 17    God:
Gold:   155        SH:  0    Dex: 14    Spells: 1/9 levels left

rFire   . . .      SeeInvis .   q - +2 hand axe (vamp)
rCold   . . .      Faith    .   (no shield)
rNeg    . . .      Spirit   .   g - +0 leather armour
rPois   .          Reflect  .   (helmet restricted)
rElec   .          Harm     .   (no cloak)
rCorr   +          Rampage  .   (no gloves)
Will    .....                   (boots unavailable)
Stlth   ++........              (no amulet)
HPRegen 0.10/turn               b - ring of resist corrosion
MPRegen 0.12/turn               (no ring)

@: brilliant, swift, flying quickly and evasively, very quick
A: beak, talons 3, nimble flight
a: no special abilities


You were on level 4 of the Dungeon.
You visited 1 branch of the dungeon, and saw 4 of its levels.

You collected 155 gold pieces.

Inventory:

Hand Weapons
 a - a +2 dagger of speed
 i - a +0 hunting sling
 q - a +2 vampiric hand axe (weapon)
 r - a +0 rapier
Missiles
 e - 96 stones
 m - 4 boomerangs of dispersal
Armour
 g - a +0 leather armour (worn)
Jewellery
 b - a ring of resist corrosion (left hand)
 h - a ring of fire
Wands
 o - a wand of polymorph (10)
Scrolls
 c - a scroll of enchant armour {unknown}
 d - a scroll of immolation {unknown}
 f - 4 scrolls of vulnerability {unknown}
 j - a scroll of enchant weapon {unknown}
 k - 4 scrolls of identify {unknown}
 l - 2 scrolls of blinking {unknown}


   Skills:
 * Level 2.1 Fighting
 + Level 1.4 Armour
 + Level 2.7 Dodging
 + Level 2.5 Stealth
 * Level 2.8 Spellcasting
 * Level 3.2 Conjurations
 * Level 5.0 Air Magic


You had one spell level left.
You knew the following spells:

 Your Spells              Type           Power      Damage    Failure   Level
a - Shock                 Conj/Air       96%        1d9       4%          1
b - Swiftness             Air            29%        N/A       10%         3
c - Magic Dart            Conj           80%        1d7       6%          1
d - Mephitic Cloud        Conj/Pois/Air  17%        N/A       24%         3

Your spell library contained the following spells:

 Spells                   Type           Power      Damage    Failure   Level
 Animate Skeleton         Necr           6%         N/A       24%         1
 Freeze                   Ice            12%        1d4       24%         1
 Pain                     Necr           12%        1d4       24%         1
 Summon Small Mammal      Summ           12%        N/A       24%         1
 Static Discharge         Conj/Air       24%        N/A       7%          2
 Airstrike                Air            14%        N/A       30%         4
 Call Imp                 Summ           3%         N/A       36%         2
 Call Canine Familiar     Summ           3%         N/A       58%         3
 Frozen Ramparts          Ice            6%         1d2       58%         3
 Summon Guardian Golem    Hex/Summ       3%         N/A       58%         3
 Vampiric Draining        Necr           3%         2d6       58%         3
 Hailstorm                Conj/Ice       12%        3d5       77%         4


Dungeon Overview and Level Annotations

Branches:
Dungeon (4/15)
 Temple: D:4-7

Altars:
Kikubaaqudgha

Shops:
D:1 *

Annotations:
D:4 Blork the orc


Innate Abilities, Weirdness & Mutations

You have a beak for a mouth.
You have claws for feet.
Your magical nature lets you fly swiftly and evasively.


Message History

The zap hits Blork the orc.
Blork the orc is heavily wounded.
Casting: Shock (safe; 4% risk of failure)
Confirm with . or Enter, or press ? or * to list all spells.
You feel quick.
Unknown command.
Unknown command.
You slash Blork the orc!
You claw Blork the orc, but do no damage.
You peck Blork the orc, but do no damage.
Blork the orc is severely wounded.
Blork the orc hits you with a +0 mace.
Blork the orc screams, "I don't like you!"
Blork the orc gestures at you while chanting.
The puff of frost hits you!
You barely miss Blork the orc.
Blork the orc is severely wounded.
Blork the orc screams, "Die!"
Blork the orc gestures at you while chanting.
The puff of frost hits you!
You hit Blork the orc but do no damage.
Blork the orc is severely wounded.
Blork the orc casts a cantrip, but nothing happens.
You hit Blork the orc. You claw Blork the orc.
Blork the orc is severely wounded.
Blork the orc hits you with a +0 mace.
* * * LOW HITPOINT WARNING * * *
Blork the orc closely misses you.
You hit Blork the orc.
You feel better.
You peck Blork the orc, but do no damage.
You punch Blork the orc.
Blork the orc is almost dead.
Blork the orc cheers loudly.
Blork the orc casts a spell at you. The magic dart hits you!
* * * LOW HITPOINT WARNING * * *
It was a potion of brilliance.
You feel clever all of a sudden. Blork the orc hits you with a +0 mace.
You die...

#. #.#### ### #.#.#
#..# #...# #....
#...####..#
##........#
###..##....##
##...####...######
# #...## ##.@o....#
## ##..##
#.........#
.####...#
#.....####..
#..#....###......##
#...........######
#..####...### ..##
##### ### ###


You could see Blork the orc.

Vanquished Creatures
  A hound (D:4)
  An iguana (D:3)
  Robin (D:4)
  7 adders
  A worm (D:3)
  2 dart slugs
  6 ball pythons
  4 bats
  7 endoplasms
  2 giant cockroaches
  13 goblins
  8 hobgoblins
  6 kobolds
  A rat (D:3)
60 creatures vanquished.

Notes
Turn   | Place    | Note
-------+----------+-------------------------------------------
     0 | D:1      | Kaptain the Tengu Air Elementalist began the quest for the
                  | Orb.
     0 | D:1      | Reached XP level 1. HP: 10/10 MP: 4/4
   169 | D:1      | Found a faded altar of an unknown god.
   273 | D:1      | Reached XP level 2. HP: 16/16 MP: 4/6
   573 | D:1      | Reached skill level 1 in Fighting
   747 | D:1      | Found Zoleng's General Store.
   828 | D:1      | Reached XP level 3. HP: 20/20 MP: 4/7
   839 | D:1      | Learned a level 3 spell: Swiftness
  1390 | D:2      | You fall into a shaft and drop 1 floor!
  1516 | D:3      | Learned a level 1 spell: Magic Dart
  1679 | D:3      | Reached XP level 4. HP: 25/25 MP: 0/8
  2286 | D:3      | Found an ancient bone altar of Kikubaaqudgha.
  2355 | D:3      | Reached skill level 1 in Armour
  2774 | D:3      | Gained mutation: Your magical nature lets you fly swiftly
                  | and evasively. [Tengu growth]
  2774 | D:3      | Reached XP level 5. HP: 30/30 MP: 7/9
  3169 | D:4      | Noticed Robin
  3248 | D:4      | Killed Robin
  3280 | D:4      | Reached skill level 5 in Air Magic
  3286 | D:4      | Learned a level 3 spell: Mephitic Cloud
  3850 | D:4      | Noticed Blork the orc
  3861 | D:4      | HP: 1/30 [Blork the orc/magic dart (8)]
  3862 | D:4      | Slain by Blork the orc

Illustrated notes

Levels and vault maps discovered:
D:1:      dpeg_arrival_tiny_a, layout_basic, serial_shops, shop_fountains,
          hellmonk_ecumenical_altar_crossroads
D:2:      layout_rooms, serial_shops, nicolae_shop_bloodbath_and_beyond, shop,
          minmay_pentomino_u4
D:3:      layout_loops_corners, lemuel_zombie_altar_kikubaaqudgha,
          serial_bayou_ford_a
D:4:      layout_layer_cave, uniq_robin, uniq_blork_the_orc

Skill      XL: |  1  2  3  4  5 |
---------------+----------------+-----
Fighting       | 1 2 |  2.1
Conjurations   | 2 3 |  3.2
Armour         | 1 |  1.4
Air Magic      | 5 |  5.0
Dodging        | |  2.7
Stealth        | |  2.5
Spellcasting   | |  2.8

Action                   |  1- 3 |  4- 6 || total
-------------------------+-------+-------++-------
Melee: Unarmed           |     4 |       ||     4
       Kick              |     4 |    12 ||    16
       Dagger            |    10 |    24 ||    34
       Peck              |     3 |     7 ||    10
       Hand axe          |       |    22 ||    22
       Punch             |       |     1 ||     1
 Cast: Shock             |    62 |    59 ||   121
       Magic Dart        |     2 |       ||     2
       Swiftness         |       |     1 ||     1
  Use: Potion            |       |     1 ||     1
Armor: Robe              |     3 |       ||     3
       Leather armour    |     1 |     6 ||     7
Dodge: Dodged            |     9 |    37 ||    46
